 Dungeon Crawl Stone Soup version 0.20.1-1-g8b1a95d (webtiles) character file.

64 tidbits the Chopper (level 3, -3/30 HPs)
             Began as a Demigod Wanderer on Aug 24, 2017.
             Slain by a hound (4 damage)
             ... on level 4 of the Dungeon.
             The game lasted 00:08:03 (811 turns).

tidbits the Chopper (Demigod Wanderer)               Turns: 811, Time: 00:08:04

Health: -3/30      AC:  5    Str: 17    XL:     3   Next: 64%
Magic:  7/7        EV: 12    Int: 15    God:
Gold:   53         SH:  0    Dex: 16    Spells: 0/4 levels left

rFire    . . .     SeeInvis .   a - +2 hand axe
rCold    . . .     Gourm    .   (no shield)
rNeg     . . .     Faith    .   B - +0 leather armour
rPois    .         Spirit   .   E - +0 helmet
rElec    .         Reflect  .   (no cloak)
rCorr    .         Harm     .   (no gloves)
MR       .....                  F - +0 pair of boots
Stlth    ++........             (no amulet)
Regen    0.1/turn               (no ring)
MPRegen  0.1/turn               (no ring)

@: no status effects
A: high mp 1
a: no special abilities


You were on level 4 of the Dungeon.
You were not hungry.

You visited 1 branch of the dungeon, and saw 4 of its levels.

You collected 53 gold pieces.

Inventory:

Hand Weapons
 a - a +2 hand axe (weapon)
Missiles
 l - 25 bolts
Armour
 d - a +0 robe
 h - a +0 chain mail
 B - a +0 leather armour (worn)
 E - a +0 helmet (worn)
 F - a +0 pair of boots (worn)
Scrolls
 e - a scroll of teleportation {unknown}
 n - a scroll of magic mapping {unknown}
 r - a scroll of remove curse
Potions
 m - 2 potions of magic
Books
 b - Goneutat's Papyrus of Attacks

   Spells                             Type                      Level
   a - Magic Dart                     Conjuration                  1
   b - Static Discharge               Conjuration/Air              3
 c - the Compendium of Cheese

   Spells                             Type                      Level
   a - Animate Skeleton               Necromancy                   1
   b - Regeneration                   Charms/Necromancy            3
Comestibles
 f - a bread ration
 g - 2 fruits
 j - a chunk of flesh


   Skills:
 - Level 2.5 Fighting
 - Level 2.6 Axes
 - Level 1.2 Dodging
 - Level 1.0 Stealth
   Level 1.0 Shields
 + Level 1.1 Spellcasting
   Level 1.7 Hexes
 + Level 0.1 Charms
 + Level 0.3 Necromancy
   Level 1.7 Translocations


You couldn't memorise any spells.
You knew the following spells:

 Your Spells              Type           Power        Failure   Level  Hunger
n - Animate Skeleton      Necr           N/A          26%         1    ##.....
r - Regeneration          Chrm/Necr      #.........   63%         3    ####...


Dungeon Overview and Level Annotations

Branches:
Dungeon (4/15)
 Temple: D:4-7

Annotations:
D:3 Agrougrou's ghost, amateur BaFi
D:4 exclusion: adder


Innate Abilities, Weirdness & Mutations

You have an increased reservoir of magic. (+10% MP)


Message History

You kill the hobgoblin!
You hit the orc.
You kill the orc!
The orc hits you.
The gnoll hits you from afar with a spear!
* * * LOW HITPOINT WARNING * * *
The orc hits you.
* * * LOW HITPOINT WARNING * * *
The orc wizard barely misses you. The orc hits you.
* * * LOW HITPOINT WARNING * * *
The orc wizard casts a spell.
The orc wizard blinks!
The gnoll hits you from afar with a spear.
* * * LOW HITPOINT WARNING * * *
The gnoll barely misses you. The orc barely misses you.
Things that are here:
a whip; a leather armour You feel much better.
The orc hits you. The gnoll hits you but does no damage.
The orc hits you but does no damage. The gnoll hits you but does no damage.
The orc wizard points at you and mumbles some strange words.
You resist with some effort. The orc hits you.
There is a stone staircase leading down here.
The gnoll barely misses you. The orc completely misses you.
The orc wizard completely misses you.
You climb downwards.
There is a stone staircase leading up here.
You closely miss the orc.
The orc is almost dead.
You closely miss the orc. The orc barely misses you.
The orc hits you but does no damage. The orc hits you.
* * * LOW HITPOINT WARNING * * *
You hit the orc.
You kill the orc!
You barely miss the orc. The orc barely misses you.
You completely miss the orc.
The orc is almost dead.
The orc hits you.
* * * LOW HITPOINT WARNING * * *
You closely miss the orc.
The orc is almost dead.
The orc hits you but does no damage.
You hit the orc but do no damage.
The orc is almost dead.
The orc hits you.
* * * LOW HITPOINT WARNING * * *
You barely miss the orc.
The orc is almost dead.
The orc misses you. The orc barely misses you.
You hit the orc.
You kill the orc!
You see here an orc corpse.
You butcher the orc corpse.
You see here a chunk of flesh.
j - a chunk of flesh Unknown command.
You enter a teleport trap!
The teleport trap disappears.
Your surroundings suddenly seem different.
Found a brown potion.
An adder comes into view.
Press: ? - help, . - travel You can't see that place. [the floor.] Placed new exclusion.
Found 15 stones.
A hound comes into view.
The hound barks!
You miss the hound.
The hound stops to sniff the ground.
The hound bites you but does no damage.
You closely miss the hound. The hound bites you.
* * * LOW HITPOINT WARNING * * *
The hound closely misses you.
You closely miss the hound. The hound bites you.
* * * LOW HITPOINT WARNING * * *
The hound bites you.
* * * LOW HITPOINT WARNING * * *
You closely miss the hound. The hound bites you but does no damage.
The hound bites you.
* * * LOW HITPOINT WARNING * * *
You slash the hound!
The hound is heavily wounded.
The hound closely misses you. The hound bites you.
* * * LOW HITPOINT WARNING * * *
You feel better. The hound bites you.
* * * LOW HITPOINT WARNING * * *
You barely miss the hound.
The hound is heavily wounded.
The hound barely misses you. The hound bites you.
* * * LOW HITPOINT WARNING * * *
You closely miss the hound.
The hound is heavily wounded.
The hound bites you.
* * * LOW HITPOINT WARNING * * *
The hound misses you.
You hit the hound.
The hound is severely wounded.
The hound bites you.
You die...

# #. ..... ## # ###.#.
##..... ...
....#.####.... ....
.......#.#... ###.
......#.#.# ....
###.##.....###(# ###.
...............# # ....
.........#.########..###
###
###..#.###......@h......
..!..#.# ###########.###
.^..S### ..... ####. #.
#.


You could see a hound.

Vanquished Creatures
  An adder (D:2)
  An ooze (D:2)
  A dart slug (D:1)
  A leopard gecko (D:1)
  3 orcs
  A ball python (D:1)
  7 bats
  A giant cockroach (D:1)
  8 goblins
  5 hobgoblins
  5 jackals (D:2)
  A frilled lizard (D:2)
  2 kobolds
  3 rats
40 creatures vanquished.

Notes
Turn   | Place    | Note
-------+----------+-------------------------------------------
     0 | D:1      | tidbits the Demigod Wanderer began the quest for the Orb.
     0 | D:1      | tidbits set off with: a +2 hand axe, Goneutat's Papyrus of Attacks, the Compendium of Cheese, a +0 robe, a bread ration
     0 | D:1      | Reached XP level 1. HP: 14/14 MP: 4/4
     0 | D:1      | Identified Goneutat's Papyrus of Attacks
     0 | D:1      | Identified the Compendium of Cheese
     2 | D:1      | Learned a level 1 spell: Animate Skeleton
    36 | D:1      | Reached skill level 1 in Fighting
   288 | D:1      | Reached XP level 2. HP: 18/23 MP: 5/5
   512 | D:2      | Reached skill level 1 in Dodging
   556 | D:2      | Reached skill level 2 in Fighting
   556 | D:2      | Reached XP level 3. HP: 23/29 MP: 6/6
   624 | D:3      | Found a hide-covered altar of Uskayaw.
   624 | D:3      | Noticed a hand axe
   624 | D:3      | Noticed a hand axe
   738 | D:2      | Learned a level 3 spell: Regeneration
   739 | D:3      | Noticed Agrougrou's ghost (amateur BaFi)
   770 | D:3      | HP: 3/30 [gnoll/spear (4)]
   810 | D:4      | HP: 1/30 [hound (3)]
   811 | D:4      | Slain by a hound

Skill      XL: |  1  2 |
---------------+-------+-----
Fighting       | 1 2 |  2.5
Dodging        | 1 |  1.2
Axes           | |  2.6
Stealth        | |  1.0
Shields        | |  1.0
Spellcasting   | |  1.1
Hexes          | |  1.7
Charms         | |  0.1
Necromancy     | |  0.3
Translocations | |  1.7

Action                   || total
-------------------------++-------
Melee: Hand axe          ||   102
 Cast: Animate Skeleton  ||     2
  Use: Scroll            ||     5
       Potion            ||     2
 Stab: Sleeping          ||     1
Armor: Robe              ||     2
       Leather armour    ||    29
Dodge: Dodged            ||    75

Table legend:
 A = Turns spent in this place as a percentage of turns spent in the entire game.
 B = Non-inter-level travel turns spent in this place as a percentage of non-inter-level travel turns spent in the entire game.
 C = Inter-level travel turns spent in this place as a percentage of turns spent in this place.
 D = Turns resting spent in this place as a percentage of non-inter-level travel turns spent in this place.
 E = Turns spent auto-exploring this place as a percentage of non-inter-level travel turns spent in this place.
 F = Non-inter-level travel turns spent in this place divided by the number of levels of this place that you've seen.
                   A       B       C       D       E      F
               +-------+-------+-------+-------+-------+----------------------
         Total | 100.0 | 100.0 |   0.3 |   0.0 |   0.0 | 176.8
       Dungeon | 100.0 | 100.0 |   0.3 |   0.0 |   0.0 | 176.8
               +-------+-------+-------+-------+-------+----------------------

Table legend:
 A = Kills in this place as a percentage of kills in entire the game.
 B = Kills by you in this place as a percentage of kills by you in the entire game.
 C = Kills by friends in this place as a percentage of kills by friends in the entire game.
 D = Other kills in this place as a percentage of other kills in the entire game.
 E = Experience gained in this place as a percentage of experience gained in the entire game.
 F = Experience gained in this place divided by the number of levels of this place that you have seen.
                   A       B       C       D       E      F
               +-------+-------+-------+-------+-------+----------------------
         Total | 100.0 | 100.0 |  -nan |  -nan | 100.0 |  23.0
       Dungeon | 100.0 | 100.0 |  -nan |  -nan | 100.0 |  23.0
               +-------+-------+-------+-------+-------+----------------------

Vault maps used:
D:1:      dpeg_arrival_ternary, minmay_misc_feat_x, corner_web_ring,
          minmay_domino_4
D:2:      uniq_crazy_yiuf_cottage
D:3:      dancing_weapons_uskayaw, minmay_misc_feat_room, serial_park_tiny_2,
          uniq_ijyb, uniq_natasha
D:4:      zin_treasury, lemuel_round_altar, grunt_temple_overflow_cloverleaf,
          uniq_edmund
